PCL
DISTRICT 9 PRAWNS @ VANCOUVER VIPERS
05/13/2023
 
TOP OF THE 1ST
District 9 Prawns batting - Pitching for Vancouver Vipers : RHP Jim Daniel
Pitching: RHP Jim Daniel
Batting: LHB Enrique Nalasco 0-0: Called Strike
0-1: Foul Ball, location: 2F
0-2: Ball
1-2: Ball
2-2: Fly out, F5 (Popup, 5SF)
Batting: RHB Alonso Holguín 0-0: Called Strike
0-1: Ball
1-1: Called Strike
1-2: Ball
2-2: Ball
3-2: SINGLE (Flyball, 9LS)
Batting: LHB Leland Hardy 0-0: Called Strike
0-1: Ball
1-1: Called Strike
1-2: Ball
2-2: Foul Ball, location: 2F
2-2: Strikes out swinging
Batting: LHB Ryan Hensley 0-0: Ball
1-0: Ball
2-0: Swinging Strike
2-1: Called Strike
2-2: Foul Ball, location: 2F
2-2: Strikes out swinging
Top of the 1st over - 0 run(s), 1 hit(s), 0 error(s), 1 left on base; District 9 0 - Vancouver 0
BOTTOM OF THE 1ST
Vancouver Vipers batting - Pitching for District 9 Prawns : RHP António García
Pitching: RHP António García
Batting: LHB Mike Williams 0-0: Ball
1-0: Ball
2-0: Bunt missed!
2-1: Ball
3-1: Base on Balls
Batting: RHB Kel Pierce 0-0: SINGLE (Flyball, 89S)
Mike Williams to second
Runner from 2nd tries for 3rd, SAFE, no throw or cutoff
Batting: RHB Howard Lane 0-0: Called Strike
0-1: Swinging Strike
0-2: Ball
1-2: Ball
2-2: Grounds into double play, 5-4-3 (Groundball, 56)
Mike Williams scores
Batting: LHB Javier Matos 0-0: Foul Ball, location: 2F
0-1: Ball
1-1: Hit by Pitch
Batting: RHB Kenneth Corbitt 0-0: Ball
1-0: Ball
2-0: Fly out, F6 (Line Drive, 6)
Bottom of the 1st over - 1 run(s), 1 hit(s), 0 error(s), 1 left on base; District 9 0 - Vancouver 1
TOP OF THE 2ND
District 9 Prawns batting - Pitching for Vancouver Vipers : RHP Jim Daniel
Batting: RHB Lúcio García 0-0: Foul Ball, location: 2F
0-1: Ball
1-1: SINGLE (Groundball, 6MD)
Batting: RHB Alfredo Cortéz 0-0: Called Strike
0-1: Ball
1-1: Ground out 5-3 (Groundball, 56S)
Lúcio García to second
Batting: RHB Bill Beck 0-0: Called Strike
0-1: Ground out 6-3 (Groundball, 6)
Batting: RHB Marcos Moreno 0-0: Ball
1-0: Swinging Strike
1-1: Foul Ball, location: 2F
1-2: Strikes out looking
Top of the 2nd over - 0 run(s), 1 hit(s), 0 error(s), 1 left on base; District 9 0 - Vancouver 1
BOTTOM OF THE 2ND
Vancouver Vipers batting - Pitching for District 9 Prawns : RHP António García
Batting: LHB Ray Spencer 0-0: Foul Ball, location: 2F
0-1: Fly out, F3 (Popup, 3F)
Batting: RHB Cristo Gilera 0-0: Ball
1-0: Ball
2-0: Ball
3-0: Base on Balls
Batting: RHB Tomás Estrada 0-0: Ball
1-0: Ball
2-0: Called Strike
2-1: Foul Ball, location: 2F
2-2: Foul Ball, location: 2F
2-2: Ball
Cristo Gilera steals 2nd base
3-2: Foul Ball, location: 2F
3-2: Base on Balls
Batting: SHB Richard Bowman 0-0: Called Strike
0-1: Ball
1-1: SINGLE (Line Drive, 4MD)
Cristo Gilera to third
Tomás Estrada to second
Runner from 3rd tries for Home, SAFE, throw made home
Tomás Estrada to third
Richard Bowman to second
Batting: LHB Mike Williams 0-0: Ball
1-0: Called Strike
1-1: Fly out, F7 (Flyball, 7S)
Batting: RHB Kel Pierce 0-0: Swinging Strike
0-1: Called Strike
0-2: Ball
1-2: Foul Ball, location: 2F
1-2: Ball
2-2: Ball
3-2: Base on Balls
Batting: RHB Howard Lane 0-0: Ball
1-0: Foul Ball, location: 2F
1-1: Fly out, F9 (Flyball, 89D)
Bottom of the 2nd over - 1 run(s), 1 hit(s), 0 error(s), 3 left on base; District 9 0 - Vancouver 2
TOP OF THE 3RD
District 9 Prawns batting - Pitching for Vancouver Vipers : RHP Jim Daniel
Batting: RHB Manuel Cortéz 0-0: Ball
1-0: Ball
2-0: Ground out 5-3 (Groundball, 5S)
Batting: LHB Enrique Nalasco 0-0: Called Strike
0-1: Foul Ball, location: 2F
0-2: SOLO HOME RUN (Line Drive, 9LD), Distance : 384 ft
Batting: RHB Alonso Holguín 0-0: Called Strike
0-1: Ball
1-1: SINGLE (Line Drive, 34D)
Batting: LHB Leland Hardy 0-0: Ball
1-0: SINGLE (Groundball, 23) (infield hit)
Alonso Holguín to second
Batting: LHB Ryan Hensley 0-0: Called Strike
0-1: Fly out, F6 (Popup, 6)
Batting: RHB Lúcio García 0-0: Ball
1-0: Ball
Wild Pitch!
Alonso Holguín to third
Leland Hardy to second
2-0: Swinging Strike
2-1: DOUBLE (Flyball, 78XD)
Alonso Holguín scores
Leland Hardy scores
Batting: RHB Alfredo Cortéz 0-0: Ground out 5-3 (Groundball, 56)
Top of the 3rd over - 3 run(s), 4 hit(s), 0 error(s), 1 left on base; District 9 3 - Vancouver 2
BOTTOM OF THE 3RD
Vancouver Vipers batting - Pitching for District 9 Prawns : RHP António García
Batting: LHB Javier Matos 0-0: Ball
1-0: Called Strike
1-1: Swinging Strike
1-2: Ball
2-2: Strikes out swinging
Batting: RHB Kenneth Corbitt 0-0: SINGLE (Line Drive, 6M)
Batting: LHB Ray Spencer 0-0: Ball
Kenneth Corbitt steals 2nd base
1-0: Called Strike
1-1: Ball
2-1: Foul Ball, location: 2F
2-2: Foul Ball, location: 2F
2-2: Foul Ball, location: 2F
2-2: Ground out 4-3 (Groundball, 13)
Kenneth Corbitt to third
Batting: RHB Cristo Gilera 0-0: Foul Ball, location: 2F
0-1: Ball
1-1: Ground out 5-3 (Groundball, 56S)
Bottom of the 3rd over - 0 run(s), 1 hit(s), 0 error(s), 1 left on base; District 9 3 - Vancouver 2
TOP OF THE 4TH
District 9 Prawns batting - Pitching for Vancouver Vipers : RHP Jim Daniel
Batting: RHB Bill Beck 0-0: Swinging Strike
0-1: Ball
1-1: Ground out 5-3 (Groundball, 5)
Batting: RHB Marcos Moreno 0-0: Swinging Strike
0-1: Ball
1-1: Foul Ball, location: 2F
1-2: Foul Ball, location: 2F
1-2: Ball
2-2: Strikes out looking
Batting: RHB Manuel Cortéz 0-0: Called Strike
0-1: Ball
1-1: Foul Ball, location: 2F
1-2: Ground out 5-3 (Groundball, 56S)
Top of the 4th over - 0 run(s), 0 hit(s), 0 error(s), 0 left on base; District 9 3 - Vancouver 2
BOTTOM OF THE 4TH
Vancouver Vipers batting - Pitching for District 9 Prawns : RHP António García
Batting: RHB Tomás Estrada 0-0: Called Strike
0-1: Ball
1-1: Foul Ball, location: 2F
1-2: DOUBLE (Groundball, 5L)
Batting: SHB Richard Bowman 0-0: Called Strike
0-1: Swinging Strike
0-2: SINGLE (Flyball, 4D)
Tomás Estrada to third
Runner from 3rd tries for Home, SAFE, no throw or cutoff
Batting: LHB Mike Williams 0-0: Swinging Strike
0-1: Foul Ball, location: 2F
0-2: Ball
1-2: Foul Ball, location: 2F
1-2: Ball
2-2: Ball
3-2: Fly out, F4 (Line Drive, 4)
Batting: RHB Kel Pierce 0-0: Swinging Strike
0-1: Called Strike
0-2: Foul Ball, location: 2F
0-2: Foul Ball, location: 2F
0-2: Foul Ball, location: 2F
0-2: Foul Ball, location: 2F
0-2: Ball
1-2: Ball
2-2: SINGLE (Flyball, 8RM)
Richard Bowman to second
Batting: RHB Howard Lane 0-0: Ball
1-0: Ball
2-0: Ball
3-0: Called Strike
3-1: Foul Ball, location: 2F
3-2: Foul Ball, location: 2F
3-2: Base on Balls
Richard Bowman to third
Kel Pierce to second
Batting: LHB Javier Matos 0-0: Ball
1-0: Ball
2-0: Grounds into double play, 6-4-3 (Groundball, 6)
Bottom of the 4th over - 1 run(s), 3 hit(s), 0 error(s), 2 left on base; District 9 3 - Vancouver 3
TOP OF THE 5TH
District 9 Prawns batting - Pitching for Vancouver Vipers : RHP Jim Daniel
Batting: LHB Enrique Nalasco 0-0: Called Strike
0-1: Swinging Strike
0-2: Strikes out swinging
Batting: RHB Alonso Holguín 0-0: Ball
1-0: Fly out, F9 (Flyball, 89S)
Batting: LHB Leland Hardy 0-0: Called Strike
0-1: Called Strike
0-2: Strikes out swinging
Top of the 5th over - 0 run(s), 0 hit(s), 0 error(s), 0 left on base; District 9 3 - Vancouver 3
BOTTOM OF THE 5TH
Vancouver Vipers batting - Pitching for District 9 Prawns : RHP António García
Batting: RHB Kenneth Corbitt 0-0: SINGLE (Line Drive, 8RS)
Batting: LHB Ray Spencer 0-0: Fly out, F4 (Line Drive, 4)
Batting: RHB Cristo Gilera 0-0: Hit by Pitch
Kenneth Corbitt to second
Batting: RHB Tomás Estrada 0-0: Ball
1-0: Ball
2-0: Ball
3-0: Called Strike
3-1: Base on Balls
Kenneth Corbitt to third
Cristo Gilera to second
Pitching: RHP Ángel Polanco
Batting: SHB Richard Bowman 0-0: Foul Ball, location: 2F
0-1: Swinging Strike
0-2: Ball
1-2: Strikes out swinging
Batting: LHB Mike Williams 0-0: Ball
1-0: Ball
2-0: Ball
3-0: Called Strike
3-1: SINGLE (Line Drive, 8RS)
Kenneth Corbitt scores
Cristo Gilera to third
Tomás Estrada to second
Runner from 3rd tries for Home, SAFE, no throw or cutoff
Batting: RHB Kel Pierce 0-0: Fielders Choice at 2nd, U6 (Groundball, 6M)
Bottom of the 5th over - 2 run(s), 2 hit(s), 0 error(s), 2 left on base; District 9 3 - Vancouver 5
TOP OF THE 6TH
District 9 Prawns batting - Pitching for Vancouver Vipers : RHP Jim Daniel
Batting: LHB Ryan Hensley 0-0: SOLO HOME RUN (Flyball, 9LD), Distance : 370 ft
Batting: RHB Lúcio García 0-0: Ball
1-0: Foul Ball, location: 2F
1-1: Swinging Strike
1-2: Foul Ball, location: 2F
1-2: Strikes out swinging
Batting: RHB Alfredo Cortéz 0-0: Foul Ball, location: 2F
0-1: Foul Ball, location: 2F
0-2: Ball
1-2: Ball
2-2: Strikes out swinging
Batting: RHB Bill Beck 0-0: Ball
1-0: Called Strike
1-1: SOLO HOME RUN (Flyball, 7LD), Distance : 370 ft
Batting: RHB Marcos Moreno 0-0: Ball
1-0: Foul Ball, location: 2F
1-1: Ball
2-1: Foul Ball, location: 2F
2-2: Foul Ball, location: 2F
2-2: SINGLE (Line Drive, 4D)
Batting: RHB Manuel Cortéz 0-0: Ball
1-0: Foul Ball, location: 2F
1-1: Ball
2-1: Foul Ball, location: 2F
2-2: Foul Ball, location: 2F
2-2: SINGLE (Groundball, 56D)
Marcos Moreno to second
Pitching: LHP Kai-ge Hui
Batting: LHB Enrique Nalasco 0-0: Fielders Choice at 2nd, 6-4 (Groundball, 6)
Top of the 6th over - 2 run(s), 4 hit(s), 0 error(s), 1 left on base; District 9 5 - Vancouver 5
BOTTOM OF THE 6TH
Vancouver Vipers batting - Pitching for District 9 Prawns : RHP Ángel Polanco
Batting: RHB Howard Lane 0-0: Called Strike
0-1: Ball
1-1: Fly out, F8 (Flyball, 8RXD)
Batting: LHB Javier Matos 0-0: Called Strike
0-1: Foul Ball, location: 2F
0-2: Ball
1-2: Fly out, F8 (Flyball, 8RM)
Batting: RHB Kenneth Corbitt 0-0: Called Strike
0-1: Foul Ball, location: 2F
0-2: Foul Ball, location: 2F
0-2: Ball
1-2: Ball
2-2: Strikes out swinging
Bottom of the 6th over - 0 run(s), 0 hit(s), 0 error(s), 0 left on base; District 9 5 - Vancouver 5
TOP OF THE 7TH
District 9 Prawns batting - Pitching for Vancouver Vipers : LHP Kai-ge Hui
Batting: RHB Alonso Holguín 0-0: Ball
1-0: Called Strike
1-1: Ball
2-1: Ball
3-1: Base on Balls
Pinch Hitting: RHB Mal Snyder 0-0: 2-RUN HOME RUN (Flyball, 78XD), Distance : 404 ft
Batting: LHB Ryan Hensley 0-0: Ball
1-0: Ball
2-0: SINGLE (Groundball, 6)
Batting: RHB Lúcio García 0-0: Ball
1-0: Foul Ball, location: 2F
1-1: Called Strike
1-2: Strikes out swinging
Batting: RHB Alfredo Cortéz 0-0: Fly out, F4 (Popup, 3F)
Batting: RHB Bill Beck 0-0: Fly out, F4 (Line Drive, 34)
Top of the 7th over - 2 run(s), 2 hit(s), 0 error(s), 1 left on base; District 9 7 - Vancouver 5
BOTTOM OF THE 7TH
Vancouver Vipers batting - Pitching for District 9 Prawns : RHP Ángel Polanco
Now in CF: Brian Roy
Batting: LHB Ray Spencer 0-0: Called Strike
0-1: Ground out U3 (Groundball, 3L)
Pitching: RHP Juan Gutiérrez
Batting: RHB Cristo Gilera 0-0: Foul Ball, location: 2F
0-1: SINGLE (Groundball, 56D)
Batting: RHB Tomás Estrada 0-0: Ball
Passed Ball!
Cristo Gilera to second
1-0: Fly out, F4 (Popup, 4)
Batting: SHB Richard Bowman 0-0: Ball
1-0: Called Strike
1-1: Ball
2-1: Foul Ball, location: 2F
2-2: Fly out, F8 (Flyball, 89M)
Bottom of the 7th over - 0 run(s), 1 hit(s), 0 error(s), 1 left on base; District 9 7 - Vancouver 5
TOP OF THE 8TH
District 9 Prawns batting - Pitching for Vancouver Vipers : LHP Kai-ge Hui
Batting: RHB Marcos Moreno 0-0: Called Strike
0-1: Ball
1-1: SINGLE (Groundball, 34D)
Batting: RHB Manuel Cortéz 0-0: Called Strike
0-1: Ball
1-1: Ball
2-1: Ball
3-1: Foul Ball, location: 2F
3-2: Foul Ball, location: 2F
3-2: Strikes out swinging
Pitching: LHP Malcolm Moore
Batting: LHB Enrique Nalasco 0-0: Ball
1-0: Ball
2-0: Foul Ball, location: 2F
2-1: Ball
3-1: Foul Ball, location: 2F
3-2: Strikes out swinging
Batting: RHB Alonso Holguín 0-0: Ball
1-0: Called Strike
1-1: Called Strike
Marcos Moreno is caught stealing 2nd base
Top of the 8th over - 0 run(s), 1 hit(s), 0 error(s), 0 left on base; District 9 7 - Vancouver 5
BOTTOM OF THE 8TH
Vancouver Vipers batting - Pitching for District 9 Prawns : RHP Juan Gutiérrez
Batting: LHB Mike Williams 0-0: Ball
1-0: Foul Ball, location: 2F
1-1: Ground out 5-3 (Groundball, 5S)
Batting: RHB Kel Pierce 0-0: DOUBLE (Flyball, 8LM)
Pitching: RHP Troy Keough
Batting: RHB Howard Lane 0-0: Called Strike
0-1: Ball
1-1: Called Strike
1-2: Ball
2-2: Ball
3-2: Foul Ball, location: 2F
3-2: Foul Ball, location: 2F
3-2: Base on Balls
Batting: LHB Javier Matos 0-0: SINGLE (Groundball, 4MD)
Kel Pierce to third
Howard Lane to second
Runner from 3rd tries for Home, SAFE, no throw or cutoff
Batting: RHB Kenneth Corbitt 0-0: Ball
1-0: Swinging Strike
1-1: Foul Ball, location: 2F
1-2: Ball
2-2: Grounds into double play, 1-6-3 (Groundball, 15)
Bottom of the 8th over - 1 run(s), 2 hit(s), 0 error(s), 1 left on base; District 9 7 - Vancouver 6
TOP OF THE 9TH
District 9 Prawns batting - Pitching for Vancouver Vipers : LHP Malcolm Moore
Batting: RHB Alonso Holguín 0-0: Swinging Strike
0-1: Swinging Strike
0-2: Ball
1-2: Fly out, F7 (Flyball, 78M)
Batting: LHB Brian Roy 0-0: Ball
1-0: Foul Ball, location: 2F
1-1: Called Strike
1-2: Ground out 1-3 (Groundball, 15)
Batting: LHB Ryan Hensley 0-0: Called Strike
0-1: Ball
1-1: Ball
2-1: Swinging Strike
2-2: Ball
3-2: Strikes out swinging
Top of the 9th over - 0 run(s), 0 hit(s), 0 error(s), 0 left on base; District 9 7 - Vancouver 6
BOTTOM OF THE 9TH
Vancouver Vipers batting - Pitching for District 9 Prawns : RHP Troy Keough
Pitching: RHP Eric Love
Now at C: José Contreras
Pinch Hitting: LHB Marcos Cantú 0-0: Ball
1-0: Foul Ball, location: 2F
1-1: Ball
2-1: Foul Ball, location: 2F
2-2: Ball
3-2: Base on Balls
Batting: RHB Cristo Gilera 0-0: Ball
Marcos Cantú is caught stealing 2nd base
1-0: Ball
2-0: Ball
3-0: Called Strike
3-1: Ground out 6-3 (Groundball, 6MS)
Pinch Hitting: RHB Dan Tyler 0-0: Called Strike
0-1: Ball
1-1: SINGLE (Line Drive, 7LS)
Pinch Hitting: RHB Guillermo Sánchez 0-0: Called Strike
0-1: Swinging Strike
0-2: Fielders Choice at 2nd, U6 (Groundball, 6M)
Bottom of the 9th over - 0 run(s), 1 hit(s), 0 error(s), 1 left on base; District 9 7 - Vancouver 6
This league is powered by Out of the Park Baseball, the baseball management simulation game for PC, Mac and Linux
Wednesday, December 2nd, 2015 - OOTP Baseball 16.8 Build 38